AoeStats
← K

African Clearing

510482029Analyzed
4v4 RM · 1d ago on Oct 1, 2026· 50m 36s· 8 players
Game mode
Random Map
Map size
Large (8 player)
Population
200
Speed
Normal
Resources
Standard
Victory
Conquest
Starting age
Dark Age
Ending age
Imperial Age
RankedLock teamsTeams togetherTeam positionsShared explorationLock speedFull tech treeHidden civsTurbo modeCheats
Victory
Defeat
🇨🇳 Malians · China
1199
+11
🇨🇳 Mongols · China
1172
+12
🇬🇧 Khmer · United Kingdom
1152
+13
🇨🇳 Ethiopians · China
1139
+14
1139
-14
🇨🇳 Vikings · China
1122
-14
🇨🇳 Cumans · China
1061
-11
🇨🇳 Vietnamese · China
1049
-11
diudiudiu丶
13:36 Feudal Age
14:25 Loom
15:30 Fletching
23:15 Castle Age
21:00 Double-Bit Axe
21:26 Horse Collar
22:10 Stone Mining
23:36 Wheelbarrow
24:41 Bow Saw
28:13 Gold Mining
28:34 Bow Saw
28:26 Heavy Plow
28:44 Hand Cart
32:24 Ballistics
32:06 Padded Archer Armor
34:19 Bodkin Arrow
34:40 Leather Archer Armor
39:57 Imperial Age
41:20 Scale Barding Armor
41:26 Forging
42:45 Chain Barding Armor
42:57 Bloodlines
42:48 Husbandry
42:09 Elite Steppe Lancer
43:40 Iron Casting
43:08 Squires
42:54 Arson
43:31 Conscription
43:16 Nomads
43:37 Drill
45:30 Chemistry
49:04 Capped Ram
50:28 Siege Ram
zanzan114514
13:33 Feudal Age
17:15 Castle Age
15:05 Loom
15:49 Horse Collar
18:22 Wheelbarrow
27:13 Hand Cart
27:17 Double-Bit Axe
27:37 Heavy Plow
29:34 Loom
30:44 Gold Mining
31:08 Bow Saw
33:57 Imperial Age
32:55 Gold Shaft Mining
32:10 Stone Mining
32:17 Fletching
33:13 Bodkin Arrow
33:18 Padded Archer Armor
33:43 Ballistics
32:55 Crossbowman
34:15 Thumb Ring
35:00 Stone Shaft Mining
35:25 Coinage
35:07 Arbalester
35:49 Bracer
35:50 Padded Archer Armor
36:56 Chemistry
35:44 Town Watch
37:40 Conscription
39:52 Two-Man Saw
38:58 Town Patrol
39:48 Banking
39:19 Caravan
41:14 Siege Engineers
41:20 Masonry
41:53 Leather Archer Armor
43:07 Capped Ram
45:12 Siege Ram
47:13 Elite Skirmisher
ORANGE汁!!!
6:11 Loom
15:00 Feudal Age
17:31 Town Watch
20:14 Castle Age
18:41 Double-Bit Axe
18:38 Horse Collar
19:45 Scale Barding Armor
21:10 Husbandry
26:24 Wheelbarrow
30:58 Hand Cart
32:06 Bow Saw
35:43 Imperial Age
33:56 Bow Saw
33:49 Heavy Plow
33:41 Gold Mining
34:54 Man-at-Arms
35:37 Scale Mail Armor
35:48 Forging
36:46 Conscription
35:49 Long Swordsman
36:30 Squires
36:16 Arson
37:36 Chain Mail Armor
37:36 Stone Mining
38:14 Bloodlines
38:56 Chain Barding Armor
38:39 Light Cavalry
39:57 Iron Casting
39:54 Plate Mail Armor
39:41 Town Patrol
39:25 Two-Handed Swordsman
40:13 Tigui
41:07 Plate Barding Armor
42:09 Farimba
42:18 Cavalier
43:30 Fletching
45:55 Bodkin Arrow
K
11:29 Loom
13:57 Feudal Age
17:38 Castle Age
19:37 Double-Bit Axe
26:47 Gold Mining
28:47 Gold Shaft Mining
32:07 Imperial Age
30:53 Wheelbarrow
31:25 Forging
31:21 Scale Barding Armor
33:42 Husbandry
33:38 Stone Mining
35:59 Hand Cart
35:30 Town Watch
36:55 Double Crossbow
37:39 Iron Casting
38:44 Conscription
40:09 Blast Furnace
39:30 Chain Barding Armor
39:24 Bloodlines
39:20 Tusk Swords
39:39 Elite Ballista Elephant
40:54 Horse Collar
43:00 Elite Battle Elephant
44:19 Plate Barding Armor
43:57 Heavy Plow
45:51 Chemistry
45:11 Ballistics
随便玩玩
15:49 Feudal Age
19:27 Castle Age
17:50 Stone Mining
18:40 Double-Bit Axe
19:28 Gold Mining
20:23 Wheelbarrow
26:17 Horse Collar
27:31 Heavy Plow
28:22 Fletching
29:44 Hand Cart
29:52 Bow Saw
35:34 Imperial Age
33:02 Bodkin Arrow
33:08 Padded Archer Armor
34:49 Leather Archer Armor
37:18 Two-Man Saw
35:42 Elite Rattan Archer
36:52 Paper Money
37:11 Ballistics
37:11 Bracer
38:15 Chemistry
38:30 Ring Archer Armor
37:26 Elite Skirmisher
39:38 Siege Engineers
39:15 Treadmill Crane
39:26 Imperial Skirmisher
41:03 Thumb Ring
42:14 Crop Rotation
46:23 Masonry
46:04 Heated Shot
46:00 Arrowslits
46:26 Fortified Wall
46:16 Murder Holes
48:09 Chatras
48:42 Husbandry
48:05 Elite Battle Elephant
49:28 Bloodlines
49:19 Husbandry
49:27 Scale Barding Armor
49:33 Forging
50:30 Chain Barding Armor
ui949
5:05 Loom
13:55 Feudal Age
18:29 Castle Age
16:25 Double-Bit Axe
18:56 Horse Collar
23:17 Town Watch
25:37 Town Patrol
26:01 Fishing Lines
27:04 Bow Saw
28:03 Gillnets
30:15 Forging
31:15 Pikeman
31:56 Squires
31:58 Arson
32:22 Stone Mining
32:26 Gold Mining
32:44 Chieftains
33:34 Heavy Plow
34:34 Gold Shaft Mining
36:44 Imperial Age
35:13 Elite Skirmisher
36:31 Masonry
36:41 Ballistics
37:08 Iron Casting
37:17 Scale Mail Armor
36:45 Imperial Skirmisher
36:53 Elite Berserk
38:09 Hoardings
38:23 Conscription
39:09 Chemistry
38:41 Architecture
38:18 Siege Engineers
39:24 Fletching
40:37 Blast Furnace
39:52 Chain Mail Armor
41:04 Two-Man Saw
40:14 Murder Holes
40:23 Bogsveigar
40:10 Treadmill Crane
40:45 Fortified Wall
41:01 Bodkin Arrow
41:08 Padded Archer Armor
43:48 Plate Mail Armor
43:21 Bracer
44:17 Onager
45:50 Leather Archer Armor
360216051
9:55 Loom
16:17 Feudal Age
16:54 Double-Bit Axe
17:00 Gold Mining
20:47 Bloodlines
23:55 Wheelbarrow
27:05 Horse Collar
28:15 Town Watch
33:56 Castle Age
34:16 Elite Skirmisher
35:00 Heavy Plow
35:12 Bow Saw
35:29 Hand Cart
35:58 Gold Shaft Mining
35:14 Stone Mining
35:55 Fletching
36:05 Padded Archer Armor
37:30 Thumb Ring
39:10 Bodkin Arrow
39:31 Leather Archer Armor
45:10 Imperial Age
45:58 Scale Barding Armor
46:04 Forging
47:00 Two-Man Saw
سلام عليكم Salam Alaiku
3:06 Loom
13:06 Feudal Age
19:34 Castle Age
18:13 Double-Bit Axe
18:10 Horse Collar
18:25 Fletching
22:55 Wheelbarrow
22:44 Padded Archer Armor
23:02 Bow Saw
28:45 Hand Cart
28:35 Heavy Plow
30:06 Ballistics
31:02 Bodkin Arrow
33:01 Town Watch
34:18 Squires
33:42 Pikeman
34:41 Leather Archer Armor
35:08 Gold Mining
35:09 Stone Mining
39:29 Imperial Age
37:28 Thumb Ring
37:58 Elite Skirmisher
39:25 Gold Shaft Mining
39:27 Stone Shaft Mining
40:09 Great Wall
40:34 Rocketry
40:28 Bracer
40:59 Ring Archer Armor
40:53 Conscription
41:49 Chemistry
42:28 Scale Mail Armor
43:44 Two-Man Saw
42:43 Elite Chu Ko Nu
44:53 Forging
44:59 Chain Mail Armor
44:11 Heavy Scorpion
47:59 Capped Ram
48:02 Heavy Rocket Cart
50:09 Halberdier
Connection lost

Rejoining the realm…

Still unreachable

The connection could not be restored.

Session expired

The server has moved on; the page needs a fresh start.